 Dungeon Crawl Stone Soup version 0.21.1-1-g345015fe64 (webtiles) character file.

784 Kejsarherre the Demonic Disaster (level 7, 0/53 HPs)
             Began as a Demonspawn Monk on Apr 30, 2018.
             Was a Believer of Qazlal.
             Killed by divine providence
             ... invoked by an orc priest
              (15 damage)
             ... on level 6 of the Dungeon.
             The game lasted 00:23:30 (5503 turns).

Kejsarherre the Demonic Disaster (Demonspawn Monk)  Turns: 5503, Time: 00:23:31

Health: 0/53       AC: 13    Str: 13    XL:     7   Next: 55%
Magic:  11/11      EV:  9    Int: 11    God:    Qazlal [**....]
Gold:   67         SH:  9    Dex: 16    Spells: 6/6 levels left

rFire    . . .     SeeInvis .   f - +0 long sword
rCold    . . .     Gourm    .   n - +0 buckler
rNeg     . . .     Faith    .   v - +3 scale mail {rPois}
rPois    +         Spirit   .   (no helmet)
rElec    .         Reflect  +   (no cloak)
rCorr    +         Harm     .   (no gloves)
MR       .....                  g - +0 pair of boots
Stlth    +.........             l - +3 amulet of reflection
HPRegen  0.17/turn              (no ring)
MPRegen  0.12/turn              b - ring of resist corrosion

@: no status effects
A: icy blue scales 1, foul stench 1, rot immunity
a: Upheaval, Renounce Religion


You were on level 6 of the Dungeon.
You worshipped Qazlal.
Qazlal was pleased with you.
You were not hungry.

You visited 1 branch of the dungeon, and saw 6 of its levels.

You collected 239 gold pieces.
You spent 172 gold pieces at shops.

Inventory:

Hand Weapons
 f - a +0 long sword (weapon)
Missiles
 o - 28 poisoned needles
 t - 8 tomahawks (quivered)
Armour
 g - a +0 pair of boots (worn)
 n - a +0 buckler (worn)
 v - a +3 scale mail of poison resistance (worn)
Jewellery
 b - a ring of resist corrosion (right hand)
 l - a +3 amulet of reflection (around neck)
Scrolls
 e - a scroll of blinking
 h - 3 scrolls of remove curse
 q - a scroll of magic mapping
Potions
 d - 3 potions of might
 j - 2 potions of ambrosia
 k - a potion of brilliance
 p - a potion of flight
 u - a potion of invisibility
Comestibles
 c - 11 rations


   Skills:
 + Level 3.9 Fighting
 + Level 4.5 Long Blades
 - Level 4.1 Armour
 - Level 2.8 Dodging
 - Level 1.7 Stealth
 - Level 6.3 Invocations


You had 6 spell levels left.
You didn't know any spells.

Dungeon Overview and Level Annotations

Branches:
Dungeon (6/15)             Temple (0/1) D:5

Altars:
Ashenzari
Gozag
Kikubaaqudgha
Okawaru
Qazlal
Sif Muna
Xom

Shops:
D:5 =

Annotations:
D:5 Tali's ghost, novice DsBe


Innate Abilities, Weirdness & Mutations

You are partially covered in icy blue scales. (AC +2)
You may emit foul miasma when damaged in melee.
You are immune to rotting.


Message History

The orc priest mumbles some strange prayers to Beogh against you.
Beogh smites you!
You slash the orc priest!
The orc priest is heavily wounded.
The orc priest barely misses you.
You hit the orc priest.
The orc priest is almost dead.
The orc priest closely misses you.
The orc throws a tomahawk.
The tomahawk barely misses you.
The orc priest invokes the aid of Beogh against you.
Beogh smites you!
* * * LOW HITPOINT WARNING * * *
An orc comes into view. It is wielding a short sword.
You closely miss the orc priest.
The orc priest is almost dead.
The orc throws a tomahawk.
The tomahawk hits you but does no damage.
The orc priest invokes the aid of Beogh against you.
Beogh smites you!
You die...

..........>#
##########.#
#.# #.# #
#.# o
######.#
#.#.o....#
#o##o#####
###.##@#
#....#.#
###....#.#
.......o)#
###.....##
#.....#
#......
#.....#
#.....#


You could see an orc priest and 2 orcs.

Vanquished Creatures
  An ogre (D:4)
  A bullfrog (D:6)
  3 crimson imps (D:5)
  A jelly (D:5)
  2 orc priests (D:6)
  A hound (D:4)
  4 orc wizards (D:4)
  A worker ant (D:5)
  2 worker ant zombies (D:5)
  4 gnolls (D:5)
  7 adders
  2 oozes
  2 adder skeletons (D:4)
  3 worms (D:3)
  2 dart slugs (D:1)
  3 leopard geckos
  17 orcs
  4 giant cockroaches
  5 goblins
  7 hobgoblins
  2 jackals (D:5)
  A quokka (D:3)
  A ball python (D:2)
  8 bats
  4 frilled lizards
  13 kobolds
  2 quokka skeletons (D:4)
  10 rats
  3 rat zombies (D:5)
116 creatures vanquished.

Vanquished Creatures (others)
  An orc wizard (D:4)
1 creature vanquished.

Grand Total: 117 creatures vanquished

Notes
Turn   | Place    | Note
-------+----------+-------------------------------------------
     0 | D:1      | Kejsarherre the Demonspawn Monk began the quest for the Orb.
     0 | D:1      | Reached XP level 1. HP: 18/18 MP: 1/1
   193 | D:1      | Gained mutation: You are immune to rotting. [demonic ancestry]
   193 | D:1      | Reached XP level 2. HP: 24/24 MP: 2/2
   731 | D:2      | Gained mutation: You may emit foul miasma when damaged in melee. [demonic ancestry]
   731 | D:2      | Reached XP level 3. HP: 19/29 MP: 3/3
   760 | D:2      | Found an iron altar of Okawaru.
  1494 | D:2      | Reached XP level 4. HP: 30/36 MP: 4/4
  1504 | D:2      | You fall through a shaft!
  2383 | D:3      | Found a shimmering altar of Xom.
  2811 | D:3      | Reached XP level 5. HP: 42/42 MP: 5/5
  2927 | D:4      | Reached skill level 1 in Armour
  2937 | D:4      | Noticed an ogre
  2946 | D:4      | Killed an ogre
  3154 | D:4      | Gained mutation: You are partially covered in icy blue scales. (AC +2) [demonic ancestry]
  3154 | D:4      | Reached XP level 6. HP: 19/48 MP: 6/6
  3562 | D:4      | Found a stormy altar of Qazlal.
  3584 | D:4      | Became a worshipper of Qazlal Stormbringer
  3584 | D:4      | Reached * piety under Qazlal
  3584 | D:4      | Reached ** piety under Qazlal
  3807 | D:5      | Entered Level 5 of the Dungeon
  3813 | D:5      | Found a shattered altar of Ashenzari.
  4049 | D:5      | Reached skill level 2 in Invocations
  4153 | D:5      | Reached skill level 3 in Invocations
  4153 | D:5      | Reached XP level 7. HP: 52/53 MP: 9/9
  4250 | D:5      | Found an ancient bone altar of Kikubaaqudgha.
  4502 | D:5      | Found Kunon's Jewellery Shop.
  4523 | D:5      | Noticed Tali's ghost (novice DsBe)
  4807 | D:5      | Reached skill level 4 in Invocations
  4985 | D:5      | Found an opulent altar of Gozag.
  4995 | D:5      | Reached skill level 5 in Invocations
  5012 | D:5      | Found a staircase to the Ecumenical Temple.
  5093 | D:5      | Found a deep blue altar of Sif Muna.
  5189 | D:5      | Bought a +3 amulet of reflection for 172 gold pieces
  5385 | D:6      | Reached skill level 6 in Invocations
  5503 | D:6      | Killed from afar by an orc priest

Skill      XL: |  1  2  3  4  5  6  7 |
---------------+----------------------+-----
Long Blades    | 3 4 |  4.5
Armour         | 3 4 |  4.1
Invocations    | 3 6 |  6.3
Fighting       | |  3.9
Dodging        | |  2.8
Stealth        | |  1.7

Action                   |  1- 3 |  4- 6 |  7- 9 || total
-------------------------+-------+-------+-------++-------
Melee: Falchion          |   148 |   290 |   163 ||   601
       Long sword        |       |       |     7 ||     7
Throw: Tomahawk          |       |    11 |     4 ||    15
  Use: Potion            |       |     4 |       ||     4
       Scroll            |       |    13 |     4 ||    17
 Stab: Sleeping          |     4 |     1 |       ||     5
       Invisible         |       |     4 |       ||     4
  Eat: Chunk             |     2 |     9 |     3 ||    14
       Ration            |       |       |     1 ||     1
Armor: Robe              |     1 |       |       ||     1
       Leather armour    |    28 |    12 |       ||    40
       Scale mail        |       |   117 |    73 ||   190
Dodge: Dodged            |   103 |   127 |    47 ||   277
Block: Buckler           |    11 |    46 |    44 ||   101
       Rpst.: Falchion   |    25 |    42 |    16 ||    83
